Map: [ESL] Radhuset Station

Players

Harstem - Winner!

  • Race: Protoss Protoss
  • League: Grandmaster
  • Spawn Location: 1:00

Kelazhur

  • Race: Terran Terran
  • Spawn Location: 7:00

Event: IEM Katowice 2024

VOD

Have the link to the VOD?

Description

Time

  • Played on: Dec. 7, 2023, 2:12 p.m.
  • Length: 30:36

All games in this series

Show
View Real Time Build Order
Export as new Build Order

Harstem Protoss - Winner!

Build Orders: 1 Gate Expand, Oracle Opening, Zealot Archon, Colossus Rush 

Get SALT Encoding   

  12  0:00  Probe  
  13  0:12  Probe  
  14  0:17  Pylon  
  14  0:25  Probe (Chrono Boost)  
  15  0:35  Gateway  
  15  0:37  Probe (Chrono Boost)  
  16  0:45  Probe (Chrono Boost)  
  16  0:46  Assimilator  
  17  0:52  Probe  
  18  1:04  Probe  
  19  1:20  Nexus  
  19  1:29  Cybernetics Core  
  19  1:32  Probe  
  20  1:37  Assimilator  
  20  1:44  Probe  
  21  1:48  Pylon  
  21  1:56  Probe  
  22  2:03  Adept (Chrono Boost)  
  24  2:08  Probe (Chrono Boost)  
  25  2:18  Probe (Chrono Boost)  
  26  2:23  Probe (Chrono Boost)  
  26  2:27  Stargate  
  26  2:28  Adept  
  28  2:33  Probe (Chrono Boost)  
  30  2:41  Probe (Chrono Boost)  
  30  2:42  Probe (Chrono Boost)  
  31  2:46  Warp Gate  
  31  2:47  Probe x2 (Chrono Boost)  
  33  2:59  Probe x2  
  35  3:08  Oracle (Chrono Boost)  
  35  3:11  Probe x2  
  38  3:23  Nexus  
  38  3:25  Probe  
  39  3:28  Probe  
  40  3:37  Robotics Facility, Probe  
  40  3:40  Probe (Chrono Boost)  
  42  3:45  Pylon  
  42  3:52  Probe (Chrono Boost)  
  42  3:55  Assimilator, Probe (Chrono Boost)  
  44  3:58  Assimilator  
  44  4:00  Probe (Chrono Boost)  
  45  4:03  Phoenix  
  45  4:05  Probe (Chrono Boost)  
  48  4:10  Gateway  
  48  4:11  Probe  
  48  4:16  Probe  
  50  4:23  Probe  
  51  4:25  Observer, Pylon  
  51  4:28  Robotics Bay  
  51  4:29  Probe  
  53  4:35  Probe  
  53  4:37  Forge  
  53  4:38  Probe  
  55  4:41  Probe  
  55  4:43  Shield Battery  
  56  4:45  Sentry  
  56  4:47  Probe  
  56  4:50  Probe (Chrono Boost)  
  60  4:53  Probe (Chrono Boost)  
  62  5:02  Probe (Chrono Boost)  
  62  5:05  Probe x2 (Chrono Boost)  
  62  5:06  Gateway, Twilight Council  
  64  5:10  Probe (Chrono Boost)  
  64  5:13  Probe (Chrono Boost)  
  66  5:14  Colossus (Chrono Boost)  
  66  5:16  Probe  
  66  5:19  Probe  
  66  5:20  Pylon  
  66  5:21  Observer  
  74  5:24  Probe  
  74  5:25  Pylon  
  75  5:28  Probe  
  75  5:31  Assimilator, Probe  
  75  5:32  Protoss Ground Weapons Level 1  
  75  5:34  Assimilator  
  75  5:35  Extended Thermal Lance  
  77  5:38  Probe  
  77  5:39  Pylon  
  77  5:41  Probe  
  79  5:45  Zealot x2  
  79  5:49  Phoenix  
  85  5:53  Pylon  
  85  5:54  Probe  
  85  5:56  Colossus (Chrono Boost)  
  88  5:59  Probe  
  88  6:01  Observer, Charge  
  88  6:02  Probe  
  94  6:06  Pylon  
  94  6:09  Gateway  
  94  6:14  Zealot x2  
  94  6:16  Gateway  
  98  6:19  Probe  
  98  6:25  Probe  
  101  6:32  Probe x2  
  102  6:35  Nexus  
  102  6:38  Probe  
  103  6:40  Shield Battery  
  103  6:43  Colossus (Chrono Boost)  
  103  6:44  Probe  
  110  6:52  Probe  
  111  6:54  Gateway  
  111  6:57  Gateway  
  111  7:02  Stalker x2  
  111  7:03  Stalker  
  111  7:05  Pylon  
  117  7:12  Templar Archives  
  117  7:15  Gateway, Pylon  
  117  7:19  Pylon  
  117  7:23  Probe x2  
  117  7:26  Probe  
  118  7:31  Zealot x3  
  118  7:32  Warp Prism (Chrono Boost)  
  118  7:34  Photon Cannon  
  118  7:37  Pylon  
  126  7:40  Forge  
  126  7:41  Observer, Shield Battery  
  126  7:43  Protoss Ground Armor Level 1 (Chrono Boost)  
  126  7:46  Photon Cannon  
  126  7:50  Phoenix  
  128  7:52  High Templar x3  
  128  7:53  High Templar x2  
  128  7:54  High Templar  
  128  7:58  Archon x3  
  139  8:01  Probe  
  139  8:02  Pylon  
  139  8:04  Probe  
  141  8:05  Probe  
  141  8:08  Probe  
  141  8:10  Pylon  
  142  8:13  Probe  
  142  8:14  Protoss Ground Weapons Level 2 (Chrono Boost)  
  142  8:15  Phoenix  
  145  8:20  High Templar  
  145  8:21  High Templar, Probe x2  
  145  8:22  Probe  
  145  8:23  Pylon  
  145  8:26  Archon  
  152  8:32  Zealot x6  
  162  8:38  Probe  
  161  8:41  Photon Cannon  
  161  8:44  Immortal (Chrono Boost)  
  165  8:49  Probe  
  165  8:51  Robotics Facility  
  165  8:53  Pylon  
  156  8:59  Zealot x6  
  156  9:00  Zealot x2  
  147  9:10  Probe  
  147  9:13  Immortal (Chrono Boost)  
  153  9:20  Gateway  
  153  9:21  High Templar  
  153  9:22  High Templar x3  
  153  9:23  Sentry  
  153  9:24  Gateway  
  162  9:25  Nexus  
  162  9:27  Archon x2  
  162  9:28  Zealot x3  
  168  9:33  Probe  
  168  9:34  Protoss Ground Armor Level 2 (Chrono Boost)  
  168  9:35  Pylon  
  169  9:42  Blink  
  169  9:46  Probe x2  
  169  9:50  Gateway  
  171  9:53  Zealot x4  
  171  9:54  Gateway  
  171  9:57  Zealot  
  171  9:58  High Templar x2, Zealot  
  187  10:03  Archon  
  163  10:14  Zealot x5  
  163  10:20  Zealot x3  
  159  10:26  Probe  
  134  10:33  Protoss Ground Weapons Level 3 (Chrono Boost), Probe  
  134  10:34  Probe  
  118  10:36  Zealot x7, Immortal (Chrono Boost)  
  118  10:37  Immortal (Chrono Boost)  
  132  10:48  Probe  
  132  10:49  Photon Cannon  
  133  10:50  High Templar x3  
  133  10:54  Zealot x2, Archon  
  133  10:56  Zealot x3  
  133  10:57  Zealot  
  151  11:00  Photon Cannon  
  151  11:02  Zealot x2  
  151  11:03  Zealot, Pylon  
  155  11:07  Shield Battery  
  155  11:10  Observer (Chrono Boost)  
  160  11:17  Immortal (Chrono Boost)  
  160  11:18  Shield Battery  
  160  11:19  Photon Cannon  
  160  11:22  High Templar, Zealot x5  
  160  11:23  Disruptor (Chrono Boost)  
  174  11:29  Archon, Pylon  
  174  11:30  Sentry  
  176  11:32  Zealot  
  176  11:35  Zealot x2  
  180  11:42  Zealot x2  
  170  11:47  Zealot x4  
  170  11:48  Zealot  
  170  11:49  Probe  
  170  11:53  Zealot x2  
  151  11:55  Probe  
  151  11:58  Zealot x3  
  150  12:03  Disruptor (Chrono Boost)  
  150  12:04  Disruptor (Chrono Boost)  
  150  12:07  Zealot  
  150  12:08  Zealot x6  
  166  12:15  Zealot x2  
  166  12:21  Zealot  
  166  12:22  Zealot x2  
  162  12:29  Zealot x6  
  158  12:32  Disruptor  
  152  12:41  Zealot x3  
  152  12:42  Colossus (Chrono Boost)  
  156  13:00  Nexus  
  156  13:03  Protoss Ground Armor Level 3 (Chrono Boost)  
  156  13:05  Sentry, High Templar x4  
  162  13:06  Zealot x3  
  162  13:10  Archon x2  
  162  13:11  Pylon  
  170  13:19  Stalker x2  
  180  13:22  Colossus (Chrono Boost)  
  180  13:34  Colossus  
  180  13:35  Shield Battery  
  180  13:37  Zealot x3  
  180  13:41  Stalker  
  192  13:46  Photon Cannon  
  192  13:50  Stalker x2  
  192  13:51  Stalker x2  
  198  13:59  Pylon  
  198  14:06  Zealot x2  
  198  14:08  Observer  
  180  14:13  Stalker x5  
  170  14:20  Stalker x3  
  162  14:30  Stalker  
  162  14:31  Stalker x3  
  170  14:42  Disruptor (Chrono Boost)  
  170  14:43  Observer  
  174  14:46  Stalker x4  
  174  14:52  Zealot x4  
  190  15:02  Warp Prism (Chrono Boost)  
  190  15:07  Sentry  
  190  15:08  Zealot x3  
  198  15:22  Nexus  
  198  15:27  Pylon  
  198  15:29  Dark Shrine  
  198  15:38  Stalker  
  179  15:54  Stalker x8  
  173  15:57  Stalker x3  
  173  16:01  Zealot, Disruptor  
  170  16:17  Stalker x6  
  170  16:18  Zealot x2  
  176  16:22  Zealot x4  
  176  16:24  Probe x2 (Chrono Boost)  
  187  16:29  Assimilator, Probe (Chrono Boost)  
  187  16:31  Photon Cannon  
  187  16:41  Sentry  
  187  16:42  Stalker x3  
  195  16:47  Zealot x2  
  189  17:04  Zealot x6  
  189  17:05  Probe  
  200  17:09  Robotics Facility  
  200  17:12  Robotics Facility  
  200  17:21  Dark Templar  
  192  17:35  Zealot x6  
  176  17:46  Zealot x4  
  176  17:47  Zealot  
  146  17:55  Stalker x7  
  146  17:56  Disruptor (Chrono Boost)  
  164  18:01  Assimilator  
  164  18:03  Nexus  
  164  18:12  Probe x3  
  171  18:14  Probe x2  
  171  18:15  Probe  
  171  18:17  Disruptor (Chrono Boost)  
  174  18:25  Disruptor (Chrono Boost), Zealot x3  
  176  18:30  Zealot x7  
  159  18:44  Stalker x2  
  157  18:49  Stalker x3  
  157  18:55  Assimilator  
  162  18:56  Assimilator  
  162  18:58  Assimilator  
  162  19:01  Zealot x5  
  162  19:02  Zealot  
  174  19:03  Assimilator  
  174  19:05  Disruptor  
  175  19:11  Observer  
  176  19:23  Stalker x3  
  182  19:27  Zealot  
  184  19:34  Zealot x4  
  184  19:35  Disruptor (Chrono Boost)  
  200  19:50  Disruptor (Chrono Boost)  
  200  20:06  Dark Templar  
  197  20:17  Dark Templar x2  
  191  20:39  Disruptor  
  197  20:47  Stalker  
  199  20:53  Photon Cannon  
  189  21:01  Photon Cannon  
  189  21:03  Zealot x7  
  189  21:04  Zealot x3  
  199  21:08  Zealot  
  177  21:15  Stalker  
  177  21:16  Probe  
  164  21:30  Stalker x11  
  164  21:31  Disruptor x2  
  196  21:41  Shadow Stride (Chrono Boost)  
  196  21:44  Dark Templar  
  192  21:55  Observer  
  192  22:00  Pylon  
  190  22:01  Disruptor  
  190  22:02  Nexus  
  190  22:03  Probe  
  190  22:04  Stalker x2  
  195  22:18  Disruptor  
  199  22:25  Observer  
  193  22:40  Stalker x3  
  197  22:48  Photon Cannon  
  197  22:51  Photon Cannon  
  197  22:52  Photon Cannon  
  197  22:54  Photon Cannon  
  187  23:06  Stalker x6  
  195  23:26  Zealot x5, Stalker  
  199  23:54  Observer  
  191  24:05  Stalker x6  
  191  24:06  Stalker  
  195  24:11  Dark Templar x2, Photon Cannon  
  195  24:13  Photon Cannon  
  195  24:15  Pylon  
  195  24:16  Shield Battery  
  199  24:18  Gravitic Boosters (Chrono Boost)  
  199  24:19  Observer  
  193  24:25  Dark Templar, Zealot x2  
  195  24:43  Disruptor x2  
  197  24:47  Stalker  
  197  24:50  Observer  
  194  25:11  Disruptor  
  194  25:18  Disruptor  
  198  25:21  Dark Templar x2  
  198  25:24  Dark Templar  
  198  25:25  Zealot  
  188  25:41  Stalker x7  
  188  25:42  Stalker  
  200  26:13  Observer  
  200  26:17  Photon Cannon  
  200  26:18  Photon Cannon  
  200  26:22  Fleet Beacon, Photon Cannon  
  200  26:24  Photon Cannon, Pylon  
  200  26:29  Assimilator  
  200  26:30  Assimilator  
  196  26:33  Observer  
  196  26:36  Stalker x4  
  194  26:54  Observer  
  194  26:59  Probe  
  191  27:04  Stalker x4  
  191  27:17  Stalker x2  
  191  27:18  Stalker x3  
  189  27:49  Stalker x5  
  185  27:52  Stalker x2  
  185  27:53  Stalker x5  
  193  28:07  Observer  
  199  28:23  Mothership (Chrono Boost)  
  191  28:42  Stalker x4  
  199  28:51  Observer  
  199  28:53  Observer  
  200  29:17  Observer  
  199  29:23  Dark Templar  
  192  29:51  Nexus  
  168  29:54  Stalker  
  168  29:55  Zealot x11  
  168  29:57  Assimilator  
  168  29:58  Assimilator  
  192  30:01  Pylon  
  176  30:18  Nexus  
  176  30:19  Zealot x4  
  176  30:20  Zealot x8  
Show
View Real Time Build Order
Export as new Build Order

Kelazhur Terran 

Build Orders:  

Get SALT Encoding   

  12  0:00  SCV  
  13  0:12  SCV  
  14  0:17  Supply Depot  
  14  0:24  SCV  
  15  0:39  SCV  
  15  0:40  Barracks  
  16  0:51  SCV  
  17  1:03  SCV  
  18  1:14  Command Center  
  18  1:18  SCV  
  19  1:27  Marine  
  19  1:31  Orbital Command  
  20  1:37  Supply Depot  
  20  1:45  Marine  
  21  1:58  SCV  
  22  2:03  Marine  
  23  2:10  SCV  
  24  2:15  Command Center  
  24  2:20  Marine  
  25  2:22  SCV  
  25  2:28  Orbital Command  
  26  2:35  SCV  
  27  2:38  Marine, Refinery  
  28  2:47  SCV  
  28  2:49  Barracks  
  28  2:55  SCV  
  28  2:56  Marine  
  30  3:01  SCV  
  31  3:07  SCV  
  32  3:14  Marine, SCV  
  32  3:16  Barracks  
  32  3:18  Engineering Bay  
  32  3:19  SCV  
  35  3:26  SCV  
  35  3:31  SCV  
  37  3:36  Orbital Command  
  37  3:38  SCV  
  37  3:39  Barracks Tech Lab, Marine  
  38  3:43  SCV  
  38  3:48  Orbital Command  
  39  3:50  SCV  
  39  3:52  Missile Turret  
  39  3:55  SCV  
  41  3:57  Supply Depot, Refinery  
  41  4:00  Marine x2  
  41  4:01  Stimpack  
  41  4:02  SCV  
  44  4:03  Bunker  
  44  4:07  SCV  
  44  4:14  SCV  
  44  4:15  SCV  
  46  4:19  SCV  
  48  4:26  SCV  
  48  4:27  Barracks Reactor, SCV  
  48  4:30  Barracks Tech Lab  
  48  4:31  Barracks, SCV  
  48  4:33  Barracks  
  48  4:34  Marine  
  50  4:38  SCV  
  50  4:39  SCV  
  50  4:41  Missile Turret  
  50  4:44  SCV  
  53  4:48  Combat Shield  
  53  4:49  Marine  
  53  4:50  SCV  
  53  4:51  SCV  
  56  4:54  Refinery  
  56  4:56  SCV  
  56  4:59  Marauder  
  58  5:00  Supply Depot  
  58  5:02  SCV  
  58  5:03  Marine x2  
  58  5:05  SCV  
  58  5:06  Missile Turret  
  62  5:08  Supply Depot, SCV  
  62  5:09  Marauder  
  65  5:15  SCV  
  65  5:16  Terran Infantry Weapons Level 1  
  65  5:18  Refinery  
  65  5:20  Marauder  
  65  5:21  SCV, Marine x2  
  68  5:22  SCV  
  68  5:25  Supply Depot  
  72  5:29  Marine x2  
  72  5:30  Marine  
  72  5:34  Factory  
  75  5:36  SCV  
  75  5:37  SCV x2  
  75  5:39  Marine x2  
  75  5:41  Marauder  
  82  5:49  SCV x3  
  85  5:50  Barracks Tech Lab  
  85  5:52  Supply Depot  
  85  5:54  Marauder  
  85  5:55  Supply Depot  
  87  5:59  Barracks Reactor  
  87  6:01  SCV x2  
  87  6:02  Marine x2  
  91  6:05  Command Center, Marauder  
  91  6:06  Concussive Shells  
  93  6:14  Marauder, SCV x2  
  93  6:16  Marauder  
  93  6:17  SCV  
  100  6:20  Supply Depot  
  100  6:22  Marine x2  
  100  6:23  Starport  
  100  6:24  Factory Reactor  
  102  6:26  SCV x2  
  102  6:28  Ghost Academy  
  102  6:30  Refinery  
  102  6:31  SCV  
  105  6:38  SCV x2  
  105  6:39  Marauder, Supply Depot  
  109  6:42  Marauder, Marine x4  
  109  6:45  Marauder  
  117  6:49  Supply Depot  
  116  6:58  SCV  
  116  6:59  Refinery  
  116  7:01  SCV x2  
  119  7:03  Marine x4  
  119  7:06  Ghost  
  125  7:09  Supply Depot  
  125  7:10  Ghost x2  
  125  7:12  Supply Depot  
  129  7:22  Medivac x2  
  133  7:25  Marine x2  
  134  7:31  Orbital Command  
  134  7:32  Barracks, Missile Turret  
  134  7:33  SCV x3  
  134  7:34  Barracks, Marine x2  
  134  7:35  Barracks  
  139  7:37  Factory Reactor  
  139  7:43  Ghost x2  
  143  7:45  SCV  
  143  7:49  Marine x2  
  145  7:52  Medivac x2  
  145  7:53  Marine  
  145  7:57  SCV x4  
  154  8:04  Marauder, Marine  
  154  8:05  Supply Depot x2  
  157  8:06  Marine  
  160  8:12  Marauder  
  160  8:15  Marine x2  
  160  8:16  Marauder  
  162  8:22  Marine  
  162  8:24  Barracks Tech Lab, Marine  
  162  8:25  Barracks Tech Lab  
  162  8:26  Medivac x2  
  170  8:27  Supply Depot, Marauder  
  170  8:30  Supply Depot  
  170  8:31  Supply Depot  
  172  8:34  Marauder  
  172  8:35  Supply Depot  
  172  8:38  Marine  
  172  8:39  Marauder  
  164  8:55  Marauder x2  
  164  8:56  Viking x2  
  164  8:57  Marauder x2  
  164  9:00  Marine x5, Marauder  
  143  9:12  Terran Infantry Armor Level 1  
  143  9:15  Armory  
  143  9:16  Marine  
  143  9:17  Marauder, Engineering Bay  
  146  9:18  Marine x5  
  146  9:19  Marauder  
  146  9:23  Marauder  
  157  9:25  Ghost, Command Center  
  157  9:34  Ghost  
  157  9:36  Marine x2  
  163  9:38  Marauder  
  163  9:39  Ghost  
  163  9:42  Viking x2  
  163  9:43  Ghost  
  163  9:44  Marine x3  
  174  9:50  Widow Mine x2  
  178  9:53  Marine  
  178  9:54  Ghost  
  181  10:01  Terran Infantry Weapons Level 2  
  181  10:04  Ghost  
  181  10:05  Marine x3  
  186  10:12  Viking  
  186  10:13  Marauder  
  172  10:17  Marine, Marauder  
  172  10:18  Viking, Marauder  
  160  10:22  Marine  
  160  10:23  Marauder, Marine x3  
  160  10:27  SCV x3  
  160  10:28  SCV  
  140  10:29  Widow Mine  
  140  10:30  Widow Mine  
  140  10:33  Marauder  
  140  10:34  Marauder  
  140  10:35  Marine  
  132  10:38  Marine  
  132  10:39  Marauder, SCV x2  
  132  10:40  Marine x2, SCV x2  
  132  10:41  Marine x2  
  144  10:43  Viking  
  144  10:44  Marauder  
  144  10:48  Viking  
  150  10:51  SCV x2, Widow Mine x2  
  150  10:52  SCV x2  
  150  10:53  Marine  
  150  10:54  Missile Turret  
  150  10:55  Marauder  
  150  10:56  Marine, Marauder  
  164  10:58  Marine x3  
  164  10:59  Marine  
  164  11:01  Marauder  
  164  11:03  SCV  
  164  11:04  SCV  
  172  11:06  Marauder  
  172  11:08  SCV x2  
  172  11:10  Planetary Fortress  
  172  11:11  Marine  
  176  11:12  Widow Mine x2  
  176  11:14  Marauder  
  176  11:15  Marine  
  176  11:16  Marine x4, SCV x2  
  176  11:17  Marauder, Refinery x2  
  192  11:19  Barracks  
  192  11:20  Barracks, Terran Infantry Armor Level 2  
  192  11:21  Ghost  
  194  11:27  Marine  
  194  11:29  Marine  
  194  11:31  Liberator  
  199  11:33  Marine  
  200  11:43  Marauder  
  197  11:50  Marine x2  
  197  11:51  Marauder x2, Marine x4  
  197  11:52  Widow Mine x2  
  197  11:55  Marauder  
  189  12:05  Marauder  
  189  12:08  Marine x4  
  191  12:09  Marine  
  191  12:10  Marine  
  191  12:12  Marauder x2  
  191  12:13  Widow Mine x2  
  183  12:20  Orbital Command  
  171  12:26  Terran Infantry Weapons Level 3  
  171  12:27  Marauder  
  171  12:28  Marauder, Marine x2  
  164  12:32  Marauder  
  164  12:34  Widow Mine  
  164  12:35  Marine x2, Widow Mine  
  164  12:36  Marauder  
  160  12:41  Medivac x2  
  160  12:42  SCV x3  
  157  12:50  Ghost  
  157  12:51  Marine x5  
  157  12:52  Marine x2  
  157  12:53  Marine x3, SCV  
  157  12:54  SCV x3  
  157  12:56  Widow Mine x2, Refinery  
  157  12:57  Marine  
  174  13:03  Terran Ship Weapons Level 1  
  174  13:05  SCV  
  174  13:09  Refinery  
  174  13:13  Missile Turret  
  174  13:14  Missile Turret x2  
  174  13:16  Ghost, Marine  
  174  13:17  Marauder, Widow Mine x2, Marine x2  
  174  13:18  SCV x2  
  174  13:19  SCV x3  
  190  13:26  Marauder, Marine x3  
  195  13:34  Marauder  
  197  13:36  Marauder, Marine  
  200  13:45  Missile Turret  
  196  14:01  Ghost  
  198  14:08  Ghost x2  
  183  14:10  Liberator x2  
  182  14:21  Ghost x2  
  182  14:23  Marine  
  162  14:27  Widow Mine x2  
  162  14:29  Ghost  
  164  14:45  Command Center, Marauder x2, Marine x7  
  164  14:50  Marauder x2  
  173  14:56  Viking x2  
  173  14:59  Widow Mine x2, Marauder  
  168  15:03  Marine x7  
  168  15:05  Terran Infantry Armor Level 3  
  168  15:06  Marauder  
  168  15:07  Marauder  
  173  15:10  Missile Turret  
  173  15:11  Missile Turret, Marauder  
  177  15:14  Marauder  
  177  15:16  Missile Turret  
  177  15:20  Widow Mine x2, Marine  
  177  15:21  Marine  
  183  15:23  Missile Turret  
  183  15:26  Viking x2, Marine x2  
  183  15:27  Marine  
  183  15:28  Marauder x2  
  191  15:29  Marine  
  191  15:33  Marauder  
  196  15:35  Marauder  
  196  15:38  Marauder  
  164  15:50  Marauder x2, Marine  
  164  15:52  Marine x2  
  164  15:53  Marine  
  164  15:54  Marauder  
  164  15:56  Marine  
  161  15:57  Marauder  
  161  15:58  Viking  
  161  15:59  Viking, Marauder  
  161  16:01  Widow Mine x2  
  161  16:02  Marine  
  150  16:12  Marauder x2  
  150  16:15  Marauder  
  150  16:17  Planetary Fortress  
  147  16:18  Marauder  
  147  16:21  Marauder  
  145  16:26  Barracks Tech Lab  
  145  16:27  Barracks Tech Lab  
  145  16:28  Marine x2  
  145  16:29  Marine x2  
  145  16:31  Barracks Tech Lab  
  145  16:32  Viking  
  151  16:33  Marauder x2  
  151  16:36  Viking  
  151  16:37  Marauder  
  151  16:39  Ghost  
  161  16:46  Ghost x2  
  161  17:01  Ghost  
  161  17:04  Ghost x2, Marine  
  161  17:05  Marine x5  
  161  17:08  Viking x2  
  172  17:13  Marauder  
  172  17:15  Marine  
  177  17:17  Marauder  
  177  17:22  Marine  
  175  17:23  Marauder  
  175  17:24  Marine  
  175  17:25  Marauder  
  178  17:30  Marauder  
  175  17:39  Marauder, Marine x5  
  175  17:40  Viking, Marauder  
  170  17:50  Marauder  
  155  17:53  Marine  
  155  17:54  Marauder x2, Marine  
  155  17:57  Marine x2  
  155  17:58  Viking  
  163  18:01  SCV x2  
  163  18:02  Marine  
  166  18:06  Widow Mine x2  
  170  18:22  Marauder  
  170  18:25  Marauder  
  172  18:28  Liberator x2  
  172  18:32  Marauder  
  172  18:33  Marauder  
  172  18:34  Marauder  
  178  18:35  Marauder  
  178  18:36  Marauder, Marine  
  178  18:37  Marine  
  178  18:38  Marauder  
  184  18:49  Starport  
  184  18:52  Widow Mine x2  
  184  18:55  Marauder x3  
  194  18:56  Marine  
  195  19:10  Medivac  
  195  19:11  Medivac  
  197  19:27  Command Center  
  194  19:31  Marauder  
  194  19:36  Widow Mine x2  
  196  19:40  Liberator  
  199  19:59  Missile Turret  
  199  20:03  Terran Ship Weapons Level 2  
  199  20:06  Starport Reactor  
  199  20:07  Fusion Core  
  199  20:09  Starport  
  195  20:15  Liberator  
  195  20:17  Marauder x2  
  186  20:36  Liberator  
  187  20:45  Command Center  
  187  20:49  Liberator x2  
  190  20:58  Liberator, Command Center  
  188  21:10  Marauder, Marine  
  188  21:11  Marauder  
  185  21:14  Marauder  
  185  21:15  Marauder, Marine  
  185  21:16  Marauder  
  185  21:17  Widow Mine x2  
  187  21:25  Marauder  
  187  21:30  Liberator x2  
  187  21:31  Advanced Ballistics  
  188  21:34  Medivac x2  
  188  21:38  Widow Mine x2  
  196  21:41  SCV x2, Medivac  
  197  22:11  Ghost  
  197  22:14  Starport Reactor  
  198  22:28  Ghost x2  
  190  22:31  Ghost x2  
  190  22:34  Ghost, Widow Mine x2  
  190  22:37  Liberator  
  197  22:39  Ghost  
  197  22:43  Caduceus Reactor  
  190  23:12  Liberator x3  
  199  23:15  Missile Turret  
  199  23:29  Ghost  
  195  23:43  Liberator  
  195  23:44  Marauder, Marine x2  
  195  23:45  Marauder  
  200  23:52  Missile Turret  
  187  24:04  Marauder x2  
  187  24:05  Marauder  
  187  24:09  Liberator  
  184  24:10  Liberator  
  184  24:12  Marauder x3, Marine x2  
  198  24:22  Marine  
  193  24:25  Refinery x2  
  193  24:26  Marine  
  170  24:47  Widow Mine x2, Marine x9  
  176  25:02  Liberator x2  
  182  25:10  SCV x3  
  182  25:12  Ghost  
  182  25:13  Marine  
  188  25:14  Marauder x2, Marine x3  
  191  25:32  Marauder x2, Marine x3  
  181  25:38  Marine  
  181  25:39  Marauder x2  
  181  25:40  Marauder x2  
  181  25:41  Marine  
  171  25:43  Orbital Command  
  171  25:46  Liberator  
  173  25:53  Widow Mine x2  
  175  26:17  Command Center  
  175  26:22  Command Center  
  170  26:38  Liberator x2  
  170  26:39  Liberator  
  175  26:48  Liberator  
  168  26:58  Marauder x2, Marine x9  
  179  27:15  Marine  
  179  27:16  Marauder  
  179  27:22  Marauder  
  179  27:42  Liberator  
  164  27:55  Missile Turret  
  164  27:57  Missile Turret  
  164  27:58  Liberator  
  159  28:04  Marauder  
  159  28:05  Marine, Marauder x3  
  145  28:18  Orbital Command  
  144  28:20  Marine  
  144  28:21  Marauder  
  137  28:36  Marauder  
  137  28:37  Marauder x2  
  137  28:39  Marine  
  136  28:51  Ghost  
  140  28:56  Widow Mine  
  140  29:11  Ghost  
  121  29:35  Ghost  
  89  29:59  Ghost  

Tags
 
Add a new tag
Caveats
  • Supply blocks, unpowered buildings, or Contaminate may cause inaccurate times.
  • Supply counts are checked every 10 seconds.